AoeStats
← Bazz

Arabia

509255715Analyzed
1v1 RM · 6d ago on Sep 26, 2026· 24m 33s· 2 players
Game mode
Random Map
Map size
Tiny (2 player)
Population
200
Speed
Normal
Resources
Standard
Victory
Conquest
Starting age
Dark Age
Ending age
Imperial Age
RankedLock teamsTeams togetherTeam positionsShared explorationLock speedFull tech treeHidden civsTurbo modeCheats
Victory
Defeat
🇨🇦 Maya · Canada
864
+38
🇦🇺 Persians · Australia
836
-15
Bazz
12:11 Feudal Age
13:07 Double-Bit Axe
14:14 Horse Collar
Wondermaker
0:29 Loom
10:01 Feudal Age
11:11 Double-Bit Axe
13:29 Fletching
22:33 Castle Age
20:29 Gold Mining
21:15 Padded Archer Armor
24:04 Thumb Ring
23:21 Crossbowman
24:15 Bodkin Arrow
Connection lost

Rejoining the realm…

Still unreachable

The connection could not be restored.

Session expired

The server has moved on; the page needs a fresh start.